 Dungeon Crawl Stone Soup version 0.28-a0-1616-g050a50673c (webtiles) character file.

Game seed: 17833814106128340882

77974 buddhastalin the Warrior (level 16, -3/110 HPs)
             Began as a Kobold Berserker on Jan 22, 2022.
             Was a High Priest of Trog.
             Slain by a red ugly thing (19 damage)
             ... on level 13 of the Dungeon on Jan 23, 2022.
             The game lasted 01:13:42 (35527 turns).

buddhastalin the Warrior (Kobold Berserker)        Turns: 35527, Time: 01:13:44

Health: -3/110     AC: 25    Str: 20    XL:     16   Next: 6%
Magic:  16/16      EV: 17    Int: 10    God:    Trog [*****.]
Gold:   1146       SH:  6    Dex: 15    Spells: 15/15 levels left

rFire   . . .      SeeInvis .   a - +7 dagger (freeze)
rCold   . . .      Faith    +   w - +0 buckler
rNeg    . . .      Spirit   .   c - +2 chain mail {Will+}
rPois   +          Reflect  .   e - +0 helmet
rElec   .          Harm     .   I - +2 cloak
rCorr   .          Rampage  ∞   q - +0 pair of gloves
Will    +++++                   F - +3 pair of seven-league boots {Rampage+∞}
Stlth   ..........              m - amulet of faith
HPRegen 1.28/turn               g - ring of poison resistance
MPRegen 0.15/turn               A - ring of willpower

@: strong-willed, regenerating
A: small, no large weapons, nightstalker 3, hooves 1
a: Renounce Religion, Berserk, Trog's Hand, Brothers in Arms


You were on level 13 of the Dungeon.
You worshipped Trog.
Trog was extremely pleased with you.
You visited 2 branches of the dungeon, and saw 20 of its levels.

You collected 1402 gold pieces.
You spent 256 gold pieces at shops.

Inventory:

Hand Weapons
 a - a +7 dagger of freezing (weapon)
 b - a +2 short sword of venom
 L - a +10 long sword
Armour
 c - a +2 chain mail of willpower (worn)
 e - a +0 helmet (worn)
 q - a +0 pair of gloves (worn)
 w - a +0 buckler (worn)
 F - the +3 pair of seven-league boots (worn) {Rampage+∞}
   (You acquired it on level 12 of the Dungeon)

   Its wearer moves as far as possible in that direction when moving towards
   enemies.
 I - a +2 cloak (worn)
Jewellery
 g - a ring of poison resistance (left hand)
 m - an amulet of faith (around neck)
 A - a ring of willpower (right hand)
 B - a ring of resist corrosion
 J - the ring "Gytan" {rElec rN+ Will+ Stlth+}
   (You found it on level 13 of the Dungeon)

   [ring of willpower]

   rElec:     It insulates you from electricity.
   rN:        It protects you from negative energy.
   Will:      It increases your willpower.
   Stlth:     It makes you more stealthy.
Wands
 k - a wand of flame (26)
 s - a wand of mindburst (28)
 v - a wand of iceblast (25)
 G - a wand of paralysis (4)
 H - a wand of charming (8)
 K - a wand of polymorph (6)
Scrolls
 f - 2 scrolls of blinking
 i - 9 scrolls of identify
 o - 5 scrolls of teleportation
 p - 5 scrolls of fog
 r - 3 scrolls of immolation
 t - a scroll of fear
 y - 2 scrolls of magic mapping
 C - 3 scrolls of enchant weapon
 D - 3 scrolls of enchant armour
Potions
 d - 2 potions of lignification
 h - 11 potions of curing
 j - 2 potions of heal wounds
 l - 2 potions of invisibility
 n - 3 potions of magic
 u - 6 potions of might
 x - 2 potions of attraction
 z - 4 potions of ambrosia
 E - a potion of haste


   Skills:
 + Level 16.2 Fighting
 - Level 16.0 Short Blades
 + Level 11.6 Armour
 + Level 16.0 Dodging
 - Level 5.0 Shields


You had 15 spell levels left.
You didn't know any spells.
Your spell library was empty.

Dungeon Overview and Level Annotations

Branches:
Dungeon (14/15)            Temple (0/1) D:6            Lair (6/6) D:9
 Shoals (0/4) Lair:2        Snake (0/4) Lair:4        Slime (0/5) Lair:6
    Orc (0/2) D:9          Vaults (0/5) D:14

Altars:
Cheibriados
Elyvilon
Hepliaklqana
Makhleb
Nemelex Xobeh
Okawaru
Sif Muna
Uskayaw
Vehumet
Xom
Beogh
Jiyva
Lugonu

Shops:
D:7 [   D:9 (   D:10 [   D:14 [*!

Portals:
Abyss: Lair:6

Annotations:
D:4 exclusion: door
Lair:5 exclusion: 2 oklob plants


Innate Abilities, Weirdness & Mutations

You are small and have problems with some larger weapons.
You are completely attuned to the shadows.
You have large cloven feet.


Message History

You freeze the red ugly thing.
The red ugly thing is lightly wounded.
The red ugly thing misses you.
You hit the red ugly thing. You freeze the red ugly thing.
The red ugly thing is moderately wounded.
You barely miss the red ugly thing.
The red ugly thing is moderately wounded.
The red ugly thing misses you.
The deep elf pyromancer gestures wildly while chanting.
The deep elf pyromancer blinks!
You hit the red ugly thing. You freeze the red ugly thing.
The red ugly thing is moderately wounded.
You hit the red ugly thing but do no damage.
The red ugly thing is moderately wounded.
The red ugly thing misses you.
You hit the red ugly thing. You freeze the red ugly thing.
The red ugly thing is moderately wounded.
You hit the red ugly thing but do no damage.
The red ugly thing is moderately wounded.
The red ugly thing misses you.
You puncture the red ugly thing! You freeze the red ugly thing.
The red ugly thing is heavily wounded.
The red ugly thing stings you!
* * * LOW HITPOINT WARNING * * *
You are engulfed in flames!
* * * LOW HITPOINT WARNING * * *
You barely miss the red ugly thing.
The red ugly thing is heavily wounded.
You closely miss the red ugly thing.
The red ugly thing is heavily wounded.
The red ugly thing misses you.
You hit the red ugly thing. You freeze the red ugly thing.
The red ugly thing is severely wounded.
You hit the red ugly thing. You freeze the red ugly thing.
The red ugly thing is severely wounded.
You recover from your berserk rage.
The red ugly thing stings you.
* * * LOW HITPOINT WARNING * * *
You are engulfed in flames!!
You die...

#...####........#
###...............#
......[...........#
..................#
......(...........#
#######..##########
#..# #..##########
#.....°EWu@>#
#############


You could see a red ugly thing, a fire elemental (summoned) and a wraith.

Vanquished Creatures
  Josephine (D:12)
  4 boulder beetles
  11 hydras
  6 catoblepae
  3 two-headed ogres
  2 centaur warriors (D:14)
  2 dancing weapons (D:14)
  4 thrashing horrors (Lair:6)
  4 death yaks
  A tengu warrior (D:14)
  2 lindwurms (Lair:2)
  2 deep elf pyromancers
  4 ugly things
  3 cyclopes
  2 manticores
  A guardian serpent (shapeshifter) (Lair:6)
  2 black mambas
  10 elephants
  A moth of wrath (Lair:6)
  A smoke demon (Lair:6)
  2 gargoyles (D:11)
  14 cane toads
  A torpor snail (Lair:1)
  Maggie (D:6)
  A demonic crawler (Lair:6)
  9 komodo dragons
  3 rime drakes
  An efreet (D:14)
  2 trolls
  4 ancient zymes (Lair:6)
  2 polar bears
  15 slime creatures (D:12)
  A wind drake (Lair:2)
  A hornet (D:9)
  2 dream sheep
  A raiju (shapeshifter) (D:12)
  33 blink frogs
  Sigmund (D:3)
  2 shadows
  A spriggan (Lair:5)
  4 wraiths
  4 wyverns
  11 basilisks
  A ynoxinul (Lair:6)
  63 yaks
  2 chaos spawn (Lair:6)
  A golden eye (shapeshifter) (D:11)
  2 steam dragons
  A redback (shapeshifter) (Lair:6)
  4 vampire mosquitoes
  Menkaure (D:5)
  3 nagas (Lair:4)
  2 swamp worms (Lair:6)
  21 water moccasins
  Duvessa (D:6)
  2 orc warriors
  2 sky beasts
  2 black bears
  7 small abominations (Lair:6)
  9 wolves
  2 ogres
  4 centaurs
  2 phantoms
  19 bullfrogs
  3 kobold brigands
  3 gnoll sergeants
  3 scorpions
  A water moccasin zombie (D:6)
  Dowan (D:6)
  2 electric eels
  5 hounds
  7 orc priests
  2 bullfrog skeletons
  3 centaur zombies
  2 jellies
  Crazy Yiuf (D:3)
  Natasha (D:3)
  An iguana (D:6)
  7 orc wizards
  A hell rat (Lair:2)
  A statue (D:9)
  3 killer bee zombies
  3 hound skeletons
  7 adders
  13 gnolls
  A shadow imp (D:6)
  A white imp (D:6)
  An ufetubus (D:6)
  3 adder zombies (D:3)
  An adder skeleton (D:3)
  5 worms
  3 dart slugs
  27 orcs
  6 bats
  6 endoplasms
  2 giant cockroaches
  5 goblins
  6 hobgoblins
  15 kobolds
  4 quokkas
  5 ball pythons
  2 frilled lizards
  A jackal zombie (D:3)
  3 rats
  A spectral orc (D:5)
501 creatures vanquished.

Vanquished Creatures (collateral kills)
  6 elephants
  A tyrant leech (Lair:6)
  A ynoxinul (Lair:6)
  A spriggan (Lair:6)
  A basilisk (Lair:6)
10 creatures vanquished.

Vanquished Creatures (others)
  3 bushes (Lair:6)
  46 fungi
  98 plants
  6 withered plants (D:3)
153 creatures vanquished.

Grand Total: 664 creatures vanquished

Notes
Turn   | Place    | Note
-------+----------+-------------------------------------------
     0 | D:1      | buddhastalin the Kobold Berserker began the quest for the
                  | Orb.
     0 | D:1      | Reached XP level 1. HP: 14/14 MP: 1/1
   264 | D:1      | Reached XP level 2. HP: 19/19 MP: 2/2
  1001 | D:2      | Reached XP level 3. HP: 21/23 MP: 3/3
  1252 | D:2      | Reached skill level 5 in Short Blades
  1737 | D:2      | Found a faded altar of an unknown god.
  1804 | D:2      | Reached XP level 4. HP: 24/29 MP: 4/4
  2202 | D:2      | Reached ** piety under Trog
  2466 | D:3      | Noticed Sigmund
  2476 | D:3      | Killed Sigmund
  2477 | D:3      | Reached XP level 5. HP: 34/34 MP: 5/5
  2477 | D:3      | Reached XP level 6. HP: 39/39 MP: 6/6
  2924 | D:3      | Found a runed translucent door.
  2927 | D:3      | Noticed Crazy Yiuf
  2939 | D:3      | Killed Crazy Yiuf
  3367 | D:3      | Reached XP level 7. HP: 44/44 MP: 7/7
  3413 | D:3      | Noticed Natasha
  3435 | D:3      | Killed Natasha
  3682 | D:3      | Found a white marble altar of Elyvilon.
  3682 | D:3      | Found a hide-covered altar of Uskayaw.
  3881 | D:4      | Reached skill level 5 in Fighting
  4049 | D:4      | Found an iron altar of Okawaru.
  4386 | D:4      | Found a shimmering blue altar of Sif Muna.
  4580 | D:4      | Reached skill level 5 in Dodging
  4858 | D:4      | Reached *** piety under Trog
  5029 | D:5      | Entered Level 5 of the Dungeon
  5078 | D:5      | Reached XP level 8. HP: 50/50 MP: 8/8
  5718 | D:5      | Noticed Menkaure
  5729 | D:5      | Killed Menkaure
  5992 | D:5      | Reached skill level 10 in Short Blades
  6014 | D:5      | Reached XP level 9. HP: 48/56 MP: 9/9
  6600 | D:5      | Found a hazy altar of Hepliaklqana.
  6698 | D:5      | Found a burning altar of Makhleb.
  6872 | D:5      | Gained mutation: You have very sharp teeth. [potion of
                  | mutation]
  6872 | D:5      | Lost mutation: You have very sharp teeth. [potion of
                  | mutation]
  6873 | D:5      | Gained mutation: You have a pair of small horns on your
                  | head. [potion of mutation]
  6948 | D:6      | Noticed Maggie
  6970 | D:6      | Killed Maggie
  6971 | D:6      | Reached skill level 1 in Shields
  7093 | D:6      | Lost mutation: You have a pair of small horns on your head.
                  | [potion of mutation]
  7093 | D:6      | Gained mutation: You have large cloven feet. [potion of
                  | mutation]
  7152 | D:6      | Found a shimmering altar of Xom.
  7155 | D:6      | Found a sparkling altar of Nemelex Xobeh.
  7190 | D:6      | Found a staircase to the Ecumenical Temple.
  7399 | D:6      | Noticed Duvessa
  7399 | D:6      | Noticed Dowan
  7421 | D:6      | Killed Dowan
  7430 | D:6      | Killed Duvessa
  7898 | D:6      | Reached **** piety under Trog
  8273 | D:7      | Reached XP level 10. HP: 62/63 MP: 10/10
  8438 | D:7      | Found Daudadeo's Armour Shop.
  9399 | D:8      | Reached ***** piety under Trog
  9793 | D:9      | Found a staircase to the Orcish Mines.
 10363 | D:9      | Found Tyuwoxum's Antique Weapon Shoppe.
 10786 | D:9      | Found a radiant altar of Vehumet.
 10909 | D:9      | Found a staircase to the Lair.
 11174 | Lair:1   | Entered Level 1 of the Lair of Beasts
 11201 | Lair:1   | Noticed a torpor snail
 11231 | Lair:1   | Killed a torpor snail
 11237 | Lair:1   | Reached XP level 11. HP: 40/69 MP: 11/11
 11509 | Lair:1   | Received a gift from Trog
 11816 | Lair:1   | Noticed an elephant
 11847 | Lair:1   | Killed an elephant
 12103 | Lair:1   | Reached skill level 15 in Short Blades
 12716 | Lair:1   | Reached skill level 5 in Shields
 12834 | Lair:1   | Noticed a five-headed hydra
 12846 | Lair:1   | Killed a five-headed hydra
 12961 | Lair:1   | Reached skill level 5 in Armour
 13414 | Lair:1   | Reached skill level 10 in Fighting
 13430 | Lair:1   | Reached XP level 12. HP: 49/77 MP: 12/12
 15375 | Lair:2   | Found a staircase to the Shoals.
 15827 | Lair:2   | Noticed a catoblepas
 15928 | Lair:2   | Noticed a seven-headed hydra
 15956 | Lair:2   | Killed a seven-headed hydra
 16697 | Lair:2   | Killed a catoblepas
 16946 | Lair:2   | Reached skill level 10 in Dodging
 16963 | Lair:2   | Reached XP level 13. HP: 57/85 MP: 13/13
 17327 | Lair:2   | Noticed a catoblepas
 17372 | Lair:2   | Killed a catoblepas
 17426 | Lair:2   | Noticed a seven-headed hydra
 17426 | Lair:2   | Noticed a four-headed hydra
 17442 | Lair:2   | Killed a four-headed hydra
 17448 | Lair:2   | Killed a seven-headed hydra
 18113 | Lair:2   | Identified a scroll of acquirement
 18113 | Lair:2   | Acquired a +0 pair of boots of rampaging
 18475 | Lair:3   | Noticed a five-headed hydra
 18495 | Lair:3   | Killed a five-headed hydra
 19265 | Lair:3   | Noticed a seven-headed hydra
 19273 | Lair:3   | Killed a seven-headed hydra
 19409 | Lair:3   | Noticed a five-headed hydra
 19418 | Lair:3   | Killed a five-headed hydra
 21282 | Lair:4   | Found a staircase to the Snake Pit.
 21351 | Lair:4   | Noticed a six-headed hydra
 21365 | Lair:4   | Killed a six-headed hydra
 22855 | Lair:5   | Reached XP level 14. HP: 84/94 MP: 14/14
 23881 | Lair:6   | Entered Level 6 of the Lair of Beasts
 24172 | Lair:6   | Received a gift from Trog
 25996 | Lair:6   | Reached skill level 10 in Armour
 27001 | Lair:6   | Reached XP level 15. HP: 56/101 MP: 15/15
 27630 | Lair:6   | Received a gift from Trog
 27774 | Lair:6   | Found a viscous altar of Jiyva.
 27776 | Lair:6   | Found a staircase to the Slime Pits.
 27864 | Lair:6   | Reached skill level 15 in Fighting
 29068 | Lair:6   | Found a corrupted altar of Lugonu.
 29069 | Lair:6   | Found a one-way gate to the infinite horrors of the Abyss.
 29264 | D:10     | Entered Level 10 of the Dungeon
 29266 | D:10     | Found Vuru's Antique Armour Emporium.
 29316 | D:10     | Bought a pitted chain mail for 256 gold pieces
 29316 | D:10     | Identified the +2 chain mail "Zoiruxt" {rElec rF- Int+2}
                  | (You bought it in a shop on level 10 of the Dungeon)
 30020 | D:10     | Found a snail-covered altar of Cheibriados.
 30693 | D:11     | Reached skill level 15 in Dodging
 31937 | D:12     | Acquired the +3 pair of seven-league boots {Rampage+∞}
 31937 | D:12     | Found the +3 pair of seven-league boots {Rampage+∞}
 33307 | D:12     | Noticed Josephine
 33320 | D:12     | Killed Josephine
 33330 | D:12     | Received a gift from Trog
 34568 | D:13     | Identified the +1 chain mail of Naaf {Regen+ Int+5}
 34680 | D:13     | Identified the ring "Gytan" {rElec rN+ Will+ Stlth+}
 34932 | D:14     | Found Lak Otie's Antique Armour Boutique.
 35293 | D:14     | Found Neeklani's General Store.
 35372 | D:14     | Found a gate to the Vaults.
 35430 | D:14     | Found Koaf's Distillery.
 35444 | D:14     | Reached XP level 16. HP: 105/110 MP: 16/16
 35527 | D:13     | Slain by a red ugly thing

Illustrated notes

Levels and vault maps discovered:
D:1:      eino_arrival_cavern_d, layout_rooms, minmay_misc_feat_five,
          minivault_14
D:2:      wad_crossroads, layout_basic, hellmonk_ecumenical_altar_defaced_shrine
D:3:      layout_loops_ring, gammafunk_temple_overflow_elements, serial_undead,
          serial_undead_e, serial_undead_b, serial_undead_f, serial_undead_f,
          uniq_crazy_yiuf_cottage, uniq_sigmund, uniq_natasha
D:4:      layout_basic, lemuel_round_altar, led_sif_book, minivault_1
D:5:      layout_basic, nicolae_hepliaklqana_monster_ancestors,
          lightli_temple_of_fire, minmay_fractal_squares_diagonal_5,
          uniq_menkaure
D:6:      layout_basic, jmf_multi_god_temple, minmay_temple_entry_junction,
          uniq_maggie, uniq_duvessa
D:7:      layout_rooms, serial_shops, shop_statue, hangedman_decor_points
D:8:      layout_basic
D:9:      layout_irregular_city, vehumet_statue, erik_lair_island, serial_shops,
          shop
D:10:     layout_basic, cheibrodos_worm_habitat, serial_shops, shop,
          feat_on_display
D:11:     layout_basic
D:12:     layout_small_grid, uniq_josephine
D:13:     layout_small_grid
D:14:     layout_rooms, erik_vaults_1, minivault_19, serial_shops,
          nicolae_square_shop, nicolae_shop_hallway_stairs,
          nicolae_shop_overgrown_old_shop, nicolae_shop_hallway_stairs, shop
Lair:1:   layout_chaotic_city, grunt_forest_small_clearings, wad_woods_river_01,
          grunt_megastairs_5, lemuel_fruit_fields
Lair:2:   nzn_winding_woodlands_stair_cross [nzn_winding_woodlands_5x15_parted,
          nzn_winding_woodlands_center_pierced_h,
          nzn_winding_woodlands_5x15_zeroes,
          nzn_winding_woodlands_5x5_closed_star,
          nzn_winding_woodlands_5x5_three,
          nzn_winding_woodlands_5x15_river_crossing,
          nzn_winding_woodlands_center_lodge,
          nzn_winding_woodlands_5x15_split_checker], layout_chaotic_city,
          minmay_shoals_entry_beasts
Lair:3:   layout_long_grid
Lair:4:   layout_roguey, guppyfry_snake_entry_island, beast_lair_carwin_5,
          serial_bayou_shore_a
Lair:5:   minmay_lair_oklob_chamber, layout_long_grid, wad_woods_03
Lair:6:   hellmonk_lair_end_abyssal_woods, layout_loops_ring, slime_altar_1,
          worms_lemuel, lemuel_fruit_fields, grunt_megastairs_1

Skill      XL: |  1  2  3  4  5  6  7  8  9 10 11 12 13 14 15 16 |
---------------+-------------------------------------------------+-----
Dodging        | 3 4 5 6 7 10 12 14 15 16 | 16.0
Short Blades   | 5 6 7 8 10 12 14 16 | 16.0
Fighting       | 4 5 6 7 8 10 11 13 14 16 | 16.2
Shields        | 2 4 5 |  5.0
Armour         | 2 3 5 7 8 10 11 | 11.6

Action                   |  1- 3 |  4- 6 |  7- 9 | 10-12 | 13-15 | 16-18 || total
-------------------------+-------+-------+-------+-------+-------+-------++-------
Melee: Dagger            |   174 |   214 |   599 |   883 |  2597 |    67 ||  4534
       Punch             |     2 |     2 |     4 |       |       |       ||     8
       Kick              |       |       |    53 |   360 |    60 |       ||   473
       Headbutt          |       |       |     5 |       |       |       ||     5
       Short sword       |       |       |       |     9 |   118 |       ||   127
Invok: Berserk           |     2 |     3 |     9 |    11 |    24 |     1 ||    50
       Trog's Hand       |       |       |       |     2 |       |     1 ||     3
       Brothers in Arms  |       |       |       |     1 |     1 |       ||     2
Evoke: Wand              |       |       |       |       |     2 |     1 ||     3
  Use: Scroll            |       |       |    11 |       |    20 |     1 ||    32
       Potion            |       |       |     3 |     1 |     2 |     2 ||     8
 Stab: Sleeping          |     3 |     4 |     3 |       |       |       ||    10
       Distracted        |       |       |       |     1 |     1 |       ||     2
Armor: Animal skin       |     6 |       |       |       |       |       ||     6
       Ring mail         |    18 |    25 |    56 |       |       |       ||    99
       Chain mail        |       |       |    24 |   218 |   689 |    47 ||   978
Dodge: Dodged            |    63 |    73 |   190 |   255 |   965 |    43 ||  1589
Block: Buckler           |       |       |    21 |   144 |   463 |    13 ||   641

Table legend: (Time is in decaauts)
 A = Elapsed time spent in this place.
 B = Non-inter-level travel time spent in this place.
 C = Inter-level travel time spent in this place.
 D = Time resting spent in this place.
 E = Time spent auto-exploring this place.
 F = Levels seen in this place.
 G = Mean time per level.
                   A        B        C        D        E       F      G
               +--------+--------+--------+--------+--------+-----+--------+
         Total |  33908 |  33194 |    714 |  14558 |  13849 |  20 | 1695.4 |
       Dungeon |  16682 |  16279 |    403 |   5490 |   8516 |  14 | 1191.6 |
          Lair |  17226 |  16916 |    310 |   9067 |   5332 |   6 | 2871.0 |
               +--------+--------+--------+--------+--------+-----+--------+

Top non-repeatable levels by time:
  Lair:6: 4696 daAuts
  Lair:2: 3858 daAuts
  Lair:1: 3514 daAuts
  Lair:4: 1906 daAuts
    D:12: 1904 daAuts
     D:5: 1759 daAuts
  Lair:5: 1745 daAuts
  Lair:3: 1504 daAuts
    D:11: 1455 daAuts
     D:2: 1420 daAuts
     D:9: 1418 daAuts
     D:3: 1257 daAuts
     D:4: 1220 daAuts
     D:6: 1108 daAuts
    D:13: 1078 daAuts
